 Dungeon Crawl Stone Soup version 0.31-a0-188-g5e087ee2ca (webtiles) character file.

Game seed: 6473531983505051521

445 qw the Skirmisher (level 6, -1/35 HPs)
             Began as a Deep Elf Hunter on June 23, 2023.
             Killed from afar by a steam dragon (6 damage)
             ... with a ball of steam
             ... on level 4 of the Dungeon.
             The game lasted 00:01:15 (2882 turns).

qw the Skirmisher (Deep Elf Hunter)                 Turns: 2882, Time: 00:01:16

Health: -1/35      AC:  8    Str: 16    XL:     6   Next: 72%
Magic:  8/8        EV: 11    Int: 14    God:
Gold:   250        SH:  0    Dex: 18    Spells: 5/5 levels left

rFire   . . .        Y - +0 shortbow
rCold   . . .        (shield currently unavailable)
rNeg    + . .        m - +0 ring mail
rPois   .            a - +0 helmet
rElec   .            (no cloak)
rCorr   .            g - +0 pair of gloves
SInv    .            l - +0 pair of boots
Will    .....        f - amulet of faith
Stlth   +            c - ring of positive energy
HPRegen 0.25/turn    b - +6 ring of strength
MPRegen 0.11/turn

%: faith
@: about to teleport
A: no striking features
a: no special abilities


You were on level 4 of the Dungeon.
You visited 1 branch of the dungeon, and saw 5 of its levels.

You collected 250 gold pieces.


   Skills:
 - Level 2.1 Fighting
 - Level 10.1 Ranged Weapons
 - Level 1.1 Armour
 + Level 2.5 Dodging
 - Level 1.2 Stealth


You had 5 spell levels left.
You didn't know any spells.
Your spell library was empty.

Inventory:

Hand Weapons
 Y - a +0 shortbow (weapon)
Armour
 a - a +0 helmet (worn)
 g - a +0 pair of gloves (worn)
 l - a +0 pair of boots (worn)
 m - a +0 ring mail (worn)
Jewellery
 b - a +6 ring of strength (right hand)
 c - a ring of positive energy (left hand)
 f - an amulet of faith (around neck)
Scrolls
 h - a scroll of identify
Potions
 e - a potion of heal wounds {unknown}
 i - a potion of magic {unknown}
 k - a potion of cancellation {unknown}

Dungeon Overview and Level Annotations

Branches:
Dungeon (5/15)
 Temple: D:4-7

Altars:
Gozag
Yredelemnul

Shops:
D:4 [


Message History

The steam dragon is moderately wounded.
The steam dragon misses you.
The steam dragon claws you but does no damage.
You shoot an arrow.
The arrow barely misses the steam dragon.
The steam dragon bites you but does no damage.
The steam dragon claws you but does no damage.
You shoot an arrow. The arrow hits the steam dragon!
The steam dragon is severely wounded.
The steam dragon barely misses you.
The steam dragon claws you but does no damage.
You shoot an arrow.
The arrow closely misses the steam dragon.
The steam dragon closely misses you.
The steam dragon claws you but does no damage.
You shoot an arrow.
The arrow barely misses the steam dragon.
The steam dragon bites you.
The steam dragon claws you but does no damage.
You shoot an arrow.
The arrow closely misses the steam dragon.
You shoot an arrow.
The arrow hits the steam dragon but does no damage.
The steam dragon is severely wounded.
The steam dragon misses you. The steam dragon barely misses you.
You shoot an arrow.
The arrow closely misses the steam dragon.
The steam dragon bites you but does no damage.
The steam dragon claws you.
You shoot an arrow. The arrow hits the steam dragon.
The steam dragon is severely wounded.
The steam dragon breathes steam at you. The ball of steam hits you!
2882 ||| READING scroll of teleportation.
As you read the scroll of teleportation, it crumbles to dust.
You feel strangely unstable.
You are engulfed in a cloud of scalding steam.
The steam dragon breathes steam at you. The ball of steam hits you.
You die...

###### #............# #. #
#..#####.##..# #. # #..#
#.##..# #. #
#######..#####.##..###. #
#...................... #
#.####........<....#### #.#
#...>....###...... #.#
#D#.###### ##..### #.#
#@#.#########..#.. #.#
##¤#..............# #.#
#.¤###########..#.. #.# #.##
#.....### ######.# #.# #.##..#
# ## #......###.## ##.##..# #
.# ##.####.##...#######.#.#..#
.####...###.............###...#
......#.....##(..#######.#.#.##


You could see a steam dragon (catching breath).

Vanquished Creatures
  Grinder (D:4)
  A scorpion (D:4)
  A jelly (D:4)
  An iguana (D:3)
  3 adders
  A worm (D:4)
  5 dart slugs
  7 orcs (D:3)
  8 bats
  6 endoplasms
  3 giant cockroaches
  6 goblins
  8 hobgoblins
  7 jackals
  9 quokkas
  5 ball pythons
  6 kobolds
  6 rats
84 creatures vanquished.

Notes
Turn   | Place    | Note
-------+----------+-------------------------------------------
     0 | D:1      | qw the Deep Elf Hunter began the quest for the Orb.
     0 | D:1      | Reached XP level 1. HP: 12/12 MP: 3/3
     0 | D:1      | 0 ||| qw: Version: 0.3-a-9-g12657ce
     0 | D:1      | 0 ||| qw: Game counter: 3224
     0 | D:1      | 0 ||| qw: Always use a shield: true
     0 | D:1      | 0 ||| qw: God list: Okawaru
     0 | D:1      | 0 ||| qw: Allow faded altars: false
     0 | D:1      | 0 ||| qw: Do Orc after D:15 true
     0 | D:1      | 0 ||| qw: Do second Lair branch before Depths: true
     0 | D:1      | 0 ||| qw: Lair rune preference: random
     0 | D:1      | 0 ||| qw: Plans: Normal
     0 | D:1      | 0 ||| PLANNING D:1-11
   132 | D:1      | Reached skill level 6 in Ranged Weapons
   132 | D:1      | Reached XP level 2. HP: 16/16 MP: 4/4
   336 | D:1      | 336 ||| DROPPING +1 heavy sling.
   521 | D:1      | Reached XP level 3. HP: 20/20 MP: 5/5
   701 | D:1      | 701 ||| UPGRADING to +0 scale mail.
   711 | D:1      | 711 ||| DROPPING +0 leather armour.
   712 | D:1      | 712 ||| UPGRADING to +0 pair of gloves.
   717 | D:1      | 717 ||| UPGRADING to +0 pair of boots.
   722 | D:1      | 722 ||| UPGRADING to +0 ring mail.
   732 | D:1      | 732 ||| DROPPING +0 scale mail.
   733 | D:1      | 733 ||| READING 2 scrolls labelled YRADEE LUIGITT.
   734 | D:1      | 734 ||| READING scroll labelled KIODAAGEYPP.
   835 | D:1      | 835 ||| READING scroll labelled GOLUETTYE.
   836 | D:1      | 836 ||| READING scroll labelled FUVUDW RYHIO.
   837 | D:1      | 837 ||| READING scroll labelled YCLUOGOFESK.
   838 | D:1      | 838 ||| READING scroll labelled CIACVE FAOPAME.
   839 | D:1      | 839 ||| DROPPING scroll of immolation.
   840 | D:1      | 840 ||| DROPPING scroll of butterflies.
   864 | D:2      | 864 ||| STAIRDANCE
  1058 | D:2      | Reached skill level 7 in Ranged Weapons
  1058 | D:2      | 1058 ||| FLEEEEING.
  1059 | D:2      | 1059 ||| FLEEEEING.
  1060 | D:2      | 1060 ||| FLEEEEING.
  1061 | D:2      | 1061 ||| FLEEEEING.
  1062 | D:2      | 1062 ||| FLEEEEING.
  1063 | D:2      | 1063 ||| FLEEEEING.
  1064 | D:2      | 1064 ||| STAIRDANCE
  1430 | D:2      | 1430 ||| READING scroll labelled TOKHLA ZYPNYTAI.
  1431 | D:2      | 1431 ||| READING scroll labelled BASESIATEA.
  1432 | D:2      | 1432 ||| READING scroll labelled RAPLE WIOMIMUNADI.
  1484 | D:3      | Reached XP level 4. HP: 25/25 MP: 6/6
  1757 | D:3      | Reached skill level 8 in Ranged Weapons
  1925 | D:3      | 1925 ||| UPGRADING to +0 helmet.
  1930 | D:3      | 1930 ||| UPGRADING to amulet of faith.
  1935 | D:3      | 1935 ||| UPGRADING to ring of positive energy.
  1936 | D:3      | 1936 ||| READING scroll labelled FINOIV KIOFAM.
  1937 | D:3      | 1937 ||| READING 3 scrolls labelled XIR XUREODOT.
  1938 | D:3      | 1938 ||| DRINKING 4 white potions.
  1939 | D:3      | 1939 ||| DROPPING 3 potions of attraction.
  1940 | D:3      | 1940 ||| DROPPING 2 scrolls of noise.
  1964 | D:4      | 1964 ||| STAIRDANCE
  1974 | D:3      | HP: 5/25 [iguana (5)]
  1976 | D:3      | Reached skill level 1 in Armour
  1976 | D:3      | Reached XP level 5. HP: 6/29 MP: 7/7
  2212 | D:4      | Found Qill's Antique Armour Shoppe.
  2260 | D:4      | 2260 ||| SHOPLISTING ice dragon scales (1740 gold, have
                  | 136).
  2260 | D:4      | 2260 ||| SHOPLISTING troll leather armour (435 gold, have
                  | 136).
  2272 | D:4      | Noticed Grinder
  2282 | D:4      | Paralysed by Grinder for 5 turns
  2291 | D:4      | Killed Grinder
  2292 | D:4      | Reached skill level 10 in Ranged Weapons
  2292 | D:4      | Reached XP level 6. HP: 30/34 MP: 8/8
  2613 | D:4      | Found an opulent altar of Gozag.
  2617 | D:4      | Found a basalt altar of Yredelemnul.
  2844 | D:4      | 2844 ||| UPGRADING to +6 ring of strength.
  2845 | D:4      | 2845 ||| DROPPING +6 ring of intelligence.
  2866 | D:5      | Entered Level 5 of the Dungeon
  2866 | D:5      | Noticed a steam dragon
  2871 | D:5      | 2871 ||| STAIRDANCE
  2881 | D:4      | HP: 4/35 [steam dragon/ball of steam (16)]
  2882 | D:4      | 2882 ||| READING scroll of teleportation.
  2882 | D:4      | Killed from afar by a steam dragon

Levels and vault maps discovered:
D:1:      shiori_arrival_maze, layout_basic, serial_bayou_pond_c,
          minmay_misc_feat_four_crosses, chequers_serial_rivers_room_b
D:2:      layout_basic, amcnicky_mini_pool_small
D:3:      layout_rooms
D:4:      layout_loops_ring, mainiacjoe_overflow_catwalk_spiral, serial_shops,
          shop, uniq_grinder
D:5:      layout_rooms, tgw_fedhas, minmay_temple_entry_statues_fountains,
          uniq_eustachio, uniq_ijyb, uniq_duvessa

Skill      XL: |  1  2  3  4  5  6 |
---------------+-------------------+-----
Ranged Weapons | 6 7 8 10 | 10.1
Armour         | 1 |  1.1
Fighting       | 2 |  2.1
Dodging        | |  2.5
Stealth        | |  1.2

Action                     |  1- 3 |  4- 6 || total
---------------------------+-------+-------++-------
   Fire: Shortbow          |   117 |   147 ||   264
    Use: Scroll            |     9 |     3 ||    12
         Potion            |       |     1 ||     1
 Armour: Leather armour    |    14 |       ||    14
         Ring mail         |     4 |    44 ||    48
  Dodge: Dodged            |    24 |    48 ||    72

Table legend:
 A = Non-vault XP
 B = Vault XP
 C = Vault XP percentage of total XP
 D = Non-vault monster count
 E = Vault monster count
 F = Vault count percentage of total count
                 A         B        C        D         E       F
            +---------+---------+-------+---------+---------+-------
      Total |     356 |     280 |  44.0 |      81 |       3 |   3.6
            +---------+---------+-------+---------+---------+-------
        D:1 |      49 |       3 |   5.8 |      26 |       2 |   7.1
        D:2 |      40 |       0 |   0.0 |      18 |       0 |   0.0
        D:3 |     106 |       0 |   0.0 |      25 |       0 |   0.0
        D:4 |     161 |     277 |  63.2 |      12 |       1 |   7.7
            +---------+---------+-------+---------+---------+-------
